Map: Neon Violet Square LE

Players

souL - Winner!

  • Race: Terran Terran
  • Spawn Location: 5:00

Ziggy

  • Race: Terran Terran
  • Spawn Location: 11:00

Event: WCS Leipzig 2018

VOD

Have the link to the VOD?

Description

Time

  • Played on: Jan. 26, 2018, 9:19 a.m.
  • Length: 11:22

All games in this series

Show
View Real Time Build Order
Export as new Build Order

souL Terran - Winner!

Build Orders: Gas First Reaper Expand, Reaper Expand, MMM Bio, Banshee Rush 

Get SALT Encoding   

  12  0:00  SCV  
  13  0:13  SCV  
  14  0:17  Supply Depot  
  14  0:25  SCV  
  15  0:29  Refinery  
  15  0:39  SCV  
  16  0:45  Barracks  
  16  0:51  SCV  
  17  1:03  SCV  
  18  1:15  SCV  
  19  1:33  Reaper  
  19  1:34  Orbital Command  
  20  1:49  Command Center  
  20  2:02  SCV  
  20  2:04  Factory  
  21  2:13  Refinery, Barracks Reactor  
  21  2:16  SCV  
  22  2:23  Supply Depot  
  22  2:28  SCV  
  23  2:44  SCV  
  23  2:47  Hellion  
  23  2:49  Starport  
  26  2:53  Marine  
  26  2:55  Marine  
  26  2:57  SCV  
  29  3:04  Orbital Command  
  29  3:08  Factory Tech Lab  
  29  3:09  SCV  
  30  3:18  Marine  
  30  3:19  Bunker, Marine  
  32  3:26  SCV  
  33  3:30  SCV  
  34  3:35  Cloaking Field  
  34  3:38  SCV  
  34  3:40  Banshee  
  38  3:42  Factory Tech Lab  
  38  3:45  SCV  
  39  3:50  SCV  
  39  3:54  Supply Depot, Marine x2  
  42  3:58  SCV  
  42  4:02  SCV  
  44  4:13  Supply Depot  
  44  4:14  SCV  
  44  4:15  Siege Tank  
  48  4:17  Supply Depot  
  48  4:21  Marine  
  48  4:23  SCV, Banshee  
  53  4:25  Marine  
  54  4:34  SCV  
  54  4:35  SCV  
  56  4:42  Supply Depot  
  54  4:47  Barracks  
  54  4:50  Barracks  
  54  4:51  SCV  
  55  4:54  Factory Tech Lab  
  55  4:55  SCV  
  55  4:56  Engineering Bay  
  55  4:58  Stimpack  
  55  4:59  Marine  
  56  5:03  SCV  
  56  5:06  Refinery  
  57  5:07  SCV  
  58  5:15  SCV  
  58  5:18  Siege Tank  
  58  5:19  SCV, Marine  
  64  5:25  Starport Reactor  
  64  5:27  SCV  
  65  5:36  SCV  
  65  5:37  Terran Infantry Weapons Level 1  
  65  5:38  Supply Depot  
  65  5:40  Marine, Marauder  
  65  5:41  SCV  
  70  5:43  Marine  
  70  5:48  SCV  
  72  5:53  SCV  
  70  5:57  Marine  
  70  6:00  SCV  
  70  6:01  Marine  
  70  6:02  Marauder  
  75  6:07  Refinery, Medivac  
  75  6:08  Medivac  
  75  6:10  Command Center  
  80  6:11  SCV  
  80  6:12  SCV  
  81  6:21  Combat Shields  
  81  6:22  Marine  
  81  6:23  SCV  
  83  6:26  SCV, Supply Depot, Marine  
  83  6:30  Barracks x2  
  85  6:35  SCV  
  86  6:47  Medivac, Marine  
  86  6:48  SCV, Marauder x2  
  86  6:49  Supply Depot  
  86  6:50  Supply Depot x2  
  86  6:54  SCV, Marine  
  94  6:57  Medivac  
  94  6:58  Concussive Shells  
  94  7:00  SCV  
  99  7:01  Siege Tank  
  102  7:11  SCV, Marine, Marauder x2  
  102  7:12  Marine  
  102  7:13  SCV, Supply Depot  
  107  7:20  Barracks Tech Lab  
  107  7:21  Barracks Reactor  
  106  7:23  SCV  
  106  7:24  Orbital Command  
  106  7:25  SCV  
  106  7:29  Marine  
  109  7:32  Terran Infantry Armor Level 1  
  109  7:33  Marauder  
  109  7:35  SCV  
  109  7:36  Medivac, Marine  
  115  7:37  Supply Depot, Marine  
  115  7:40  Marauder  
  118  7:45  SCV  
  118  7:46  Marine  
  118  7:48  Liberator  
  120  7:54  Marine, Marauder  
  120  7:55  Marauder  
  120  7:56  Marine  
  120  7:57  Marine  
  121  8:01  Marine  
  121  8:04  Marine  
  113  8:07  Liberator  
  113  8:12  Marine  
  117  8:14  Marine  
  117  8:15  Marine, Marauder  
  117  8:17  Marauder  
  117  8:19  Marauder  
  125  8:22  Marine  
  118  8:28  Siege Tank  
  118  8:29  Marine  
  118  8:32  Marine  
  118  8:33  Refinery x2, Marine  
  124  8:35  SCV  
  124  8:37  Marauder  
  124  8:38  SCV, Armory  
  124  8:39  Command Center, Engineering Bay  
  124  8:40  Marine, Marauder  
  131  8:48  SCV  
  132  8:51  SCV x2  
  132  8:52  Starport, Marine  
  132  8:53  Marauder  
  132  8:55  Marine  
  138  8:58  Marauder  
  138  8:59  Marine  
  138  9:00  SCV  
  138  9:02  Marauder  
  144  9:08  SCV x2  
  144  9:09  Barracks  
  146  9:10  Barracks  
  146  9:12  SCV  
  146  9:14  Marine  
  146  9:15  Marauder  
  150  9:20  SCV x2  
  139  9:25  Marine  
  139  9:26  SCV  
  139  9:29  Marine  
  139  9:30  Marine, Marauder  
  139  9:32  Marine  
  139  9:34  Siege Tank  
  139  9:35  Marine  
  139  9:36  Marauder  
  139  9:37  Medivac x2  
  147  9:39  Starport Reactor  
  147  9:43  Marine  
  148  9:47  Marine  
  148  9:48  Marine  
  148  9:50  Marauder  
  148  9:52  Marauder, Marine  
  154  9:57  Marauder  
  154  10:01  Marine  
  154  10:05  Marine  
  154  10:07  Barracks Tech Lab x2, Siege Tank  
  159  10:09  Orbital Command  
  159  10:12  Marauder, Marine  
  159  10:13  Marauder  
  164  10:15  Marine  
  164  10:18  Marine  
  164  10:19  Marauder  
  168  10:22  Marine  
  168  10:25  Marine  
  172  10:31  Marine  
  172  10:32  Marauder  
  172  10:33  Marine  
  172  10:37  Marine x2  
  172  10:39  Command Center  
  172  10:41  Supply Depot, Marine  
  172  10:42  Marauder  
  172  10:43  Supply Depot  
  172  10:44  Viking x2  
  172  10:46  Supply Depot  
  172  10:47  Marine  
  179  10:51  Viking  
  180  11:07  Command Center  
  180  11:10  Starport  
  180  11:11  Refinery, Fusion Core  
  180  11:12  Armory  
Show
View Real Time Build Order
Export as new Build Order

Ziggy Terran 

Build Orders: Cyclone Opening, Gas First Reaper Expand, Reaper Expand, Mech 

Get SALT Encoding   

  12  0:00  SCV  
  13  0:12  SCV  
  14  0:18  Supply Depot  
  14  0:24  SCV  
  15  0:31  Refinery  
  15  0:39  SCV  
  16  0:45  Barracks  
  16  0:51  SCV  
  17  1:04  SCV  
  18  1:16  SCV  
  19  1:32  Orbital Command, Reaper  
  20  1:43  Command Center  
  20  1:58  SCV, Factory  
  21  2:06  Supply Depot  
  21  2:09  Reaper  
  21  2:13  SCV  
  23  2:20  Refinery  
  23  2:27  SCV  
  24  2:39  SCV  
  25  2:45  Cyclone  
  28  2:51  SCV  
  28  2:56  Supply Depot, Orbital Command  
  28  2:58  Refinery  
  29  3:01  Barracks Reactor  
  29  3:04  SCV  
  30  3:14  Engineering Bay  
  30  3:16  SCV  
  30  3:18  Cyclone  
  34  3:22  SCV  
  34  3:28  SCV  
  35  3:35  SCV, Factory  
  35  3:44  SCV  
  35  3:47  SCV  
  37  3:57  SCV  
  37  3:59  SCV, Command Center  
  39  4:06  Cyclone  
  42  4:11  Cyclone  
  42  4:12  SCV  
  42  4:13  SCV  
  47  4:20  Factory Tech Lab  
  47  4:24  SCV  
  47  4:25  SCV  
  47  4:28  Armory  
  47  4:31  Armory  
  49  4:36  SCV  
  50  4:43  Refinery, SCV  
  54  4:53  SCV  
  54  4:54  Supply Depot  
  54  4:55  Supply Depot  
  54  4:56  SCV  
  53  5:05  SCV  
  53  5:06  Missile Turret  
  52  5:11  Missile Turret  
  52  5:12  Cyclone  
  52  5:17  SCV  
  52  5:19  Missile Turret  
  52  5:22  Missile Turret  
  52  5:26  Cyclone  
  54  5:29  SCV  
  54  5:30  SCV  
  57  5:40  Orbital Command, Terran Vehicle Weapons Level 1  
  57  5:42  SCV  
  54  5:53  Terran Vehicle And Ship Armor Level 1  
  54  5:54  SCV x2  
  52  6:00  Missile Turret  
  52  6:06  SCV x2  
  52  6:07  SCV  
  52  6:11  Siege Tank  
  58  6:18  SCV x2  
  59  6:20  SCV  
  62  6:25  Cyclone  
  62  6:27  Cyclone  
  62  6:30  SCV  
  62  6:31  SCV  
  62  6:32  SCV  
  68  6:40  Barracks Tech Lab  
  68  6:41  Factory  
  68  6:42  SCV  
  68  6:43  SCV  
  68  6:44  SCV  
  71  6:47  Siege Tank  
  71  6:51  Supply Depot  
  74  6:54  SCV  
  74  6:55  SCV  
  74  7:00  SCV  
  74  7:01  Starport  
  77  7:05  Refinery  
  77  7:06  Refinery, SCV  
  75  7:09  SCV  
  75  7:12  SCV  
  77  7:18  SCV, Barracks Tech Lab  
  77  7:19  Factory  
  77  7:21  SCV  
  77  7:22  Factory, Siege Tank  
  82  7:25  Hellion  
  82  7:27  SCV  
  85  7:30  SCV  
  85  7:33  SCV  
  85  7:36  Siege Tank  
  90  7:39  SCV  
  93  7:46  Supply Depot, Terran Vehicle Weapons Level 2  
  93  7:48  SCV x2  
  81  8:00  SCV x2  
  78  8:06  SCV  
  78  8:09  Factory Tech Lab, Siege Tank x2  
  85  8:14  Hellion x2  
  85  8:15  Starport Reactor  
  85  8:16  Terran Vehicle And Ship Armor Level 2  
  89  8:22  SCV x2  
  84  8:30  SCV  
  84  8:31  Siege Tank  
  88  8:34  SCV  
  88  8:38  SCV  
  90  8:42  SCV, Siege Tank x2  
  90  8:47  Missile Turret  
  97  8:49  Missile Turret  
  97  8:51  Missile Turret  
  97  8:54  Supply Depot  
  97  8:56  Supply Depot  
  97  9:01  Supply Depot, Siege Tank  
  100  9:06  Infernal Pre-Igniter  
  100  9:16  Hellion x3, Supply Depot, Medivac  
  108  9:17  Medivac  
  108  9:18  Hellion  
  110  9:25  Siege Tank  
  107  9:34  Siege Tank  
  107  9:38  Hellion x3  
  107  9:43  Cyclone  
  110  9:46  Viking  
  110  9:49  Missile Turret  
  110  9:50  Missile Turret  
  109  9:55  Missile Turret  
  109  9:57  Cyclone, Missile Turret  
  109  9:59  Siege Tank  
  111  10:05  Missile Turret  
  111  10:06  Missile Turret  
  109  10:08  Missile Turret  
  109  10:17  Viking  
  105  10:23  Viking  
  103  10:35  Siege Tank x2  
  100  10:46  SCV x2  
  100  10:47  SCV  
  103  10:59  Hellion x4  
  111  11:06  SCV  
  111  11:09  SCV  
Tags
 
Add a new tag
Caveats
  • Supply blocks, unpowered buildings, or Contaminate may cause inaccurate times.
  • Supply counts are checked every 10 seconds.